 Dungeon Crawl Stone Soup version 0.20.1-1-g8b1a95d (webtiles) character file.

3232 vineage the Basher (level 9, -1/51 HPs)
             Began as a Gargoyle Berserker on Oct 27, 2017.
             Was a Priest of Trog.
             Slain by a three-headed hydra (12 damage)
             ... on level 8 of the Dungeon.
             The game lasted 00:09:47 (6444 turns).

vineage the Basher (Gargoyle Berserker)             Turns: 6444, Time: 00:09:50

Health: -1/51      AC: 13    Str: 22    XL:     9   Next: 98%
Magic:  9/9        EV: 10    Int:  9    God:    Trog [***...]
Gold:   370        SH:  0    Dex: 10    Spells: 8/8 levels left

rFire    . . .     SeeInvis .   v - +6 scimitar of Accidental Termination {flame, Stlth+}
rCold    . . .     Gourm    .   (no shield)
rNeg     + . .     Faith    .   p - +0 scale mail
rPois    ∞         Spirit   .   (no helmet)
rElec    +         Reflect  .   (no cloak)
rCorr    .         Harm     .   t - +0 pair of gloves
MR       +....                  (no boots)
Stlth    +.........             f - amulet of magic regeneration
Regen    0.2/turn               q - ring of protection from magic
MPRegen  0.2/turn               g - ring of flight

@: no status effects
A: negative energy resistance 1, electricity resistance, unbreathing,
petrification resistance, rot immunity, AC +5
a: Berserk, Trog's Hand, Burn Spellbooks, Renounce Religion, Evoke Flight


You were on level 8 of the Dungeon.
You worshipped Trog.
Trog was most pleased with you.
You were not hungry.

You visited 1 branch of the dungeon, and saw 8 of its levels.

You collected 370 gold pieces.

Inventory:

Hand Weapons
 a - a +0 mace
 v - the +6 scimitar of Accidental Termination (weapon) {flame, Stlth+}
   (You found it on level 5 of the Dungeon)

   It has been specially enchanted to burn those struck by it, causing extra
   injury to most foes and up to half again as much damage against particularly
   susceptible opponents.
   Big, fiery blades are also staple armaments of hydra-hunters.
   It makes you more stealthy.
Armour
 b - a +0 animal skin
 p - a +0 scale mail (worn)
 t - a +0 pair of gloves (worn)
Jewellery
 f - an amulet of magic regeneration (around neck)
 g - a ring of flight (right hand)
 q - a ring of protection from magic (left hand)
 B - a cursed ring of loudness {unknown}
Wands
 r - a wand of confusion (23/48)
 u - a wand of random effects (21/48)
 x - a wand of random effects (40/48)
 y - a wand of flame (26/48)
 F - a wand of iceblast (9/15)
 G - a wand of lightning (9/15)
Scrolls
 e - a scroll of immolation
 j - a scroll of teleportation {unknown}
 w - 2 scrolls of identify
 D - a scroll of remove curse
 E - a scroll of fear
Potions
 d - a potion of invisibility
 h - a potion of curing
 k - 2 potions of brilliance
 m - a potion of ambrosia
 o - 2 potions of agility
 s - 3 potions of might
 z - 2 potions of flight
 A - a potion of heal wounds {unknown}
 C - a potion of resistance {unknown}
Comestibles
 c - 2 bread rations
 i - 2 royal jellies
 l - 3 meat rations
 n - a fruit


   Skills:
 - Level 3.2 Fighting
 + Level 8.6 Long Blades
 - Level 10.3 Maces & Flails
 - Level 2.1 Armour
 - Level 1.5 Dodging


You had 8 spell levels left.
You didn't know any spells.

Dungeon Overview and Level Annotations

Branches:
Dungeon (8/15)             Temple (0/1) D:6
   Lair: D:8-11

Altars:
Cheibriados
Dithmenos
Elyvilon
Kikubaaqudgha
Okawaru
Qazlal
Uskayaw
Yredelemnul
The Shining One

Shops:
D:5 *


Innate Abilities, Weirdness & Mutations

You are resistant to torment.
Your stone body is resilient. (AC +5)
You are immune to poison.
You resist negative energy. (rN+)
You are resistant to electric shocks. (rElec)
You can survive without breathing.
You are immune to petrification.
You are immune to rotting.


Message History

An orc warrior comes into view. It is wielding a long sword.
The orc warrior shouts!
You slash the four-headed hydra! You burn the four-headed hydra.
The four-headed hydra is heavily wounded.
The four-headed hydra bites you but does no damage. x2
The four-headed hydra bites you!
You barely miss the four-headed hydra.
The four-headed hydra is heavily wounded.
The four-headed hydra barely misses you.
The four-headed hydra bites you. The four-headed hydra bites you!
* * * LOW HITPOINT WARNING * * *
The four-headed hydra bites you but does no damage.
Unknown command.
You hack one of the four-headed hydra's heads off!
The flame cauterises the wound!
You slice the three-headed hydra!! You burn the three-headed hydra.
The three-headed hydra is severely wounded.
The three-headed hydra bites you but does no damage.
The three-headed hydra bites you!
You die...

..# #.# #. ## ####.####
##.######. ...(.....
.......o .....###
.....o# ##.....# ..r..
#.....# .Z. ###.#.###
#D# ###
###.....#######@#.....
##...............?.#
.......................
######......<....##....#
#.#####..##.# ###(# #.##
##..#... ? #..###
##...### ##...# ##..
###.# #.#


You could see a three-headed hydra, an orc warrior, an orc (wandering), a quokka
and a bullfrog skeleton.

Vanquished Creatures
  The ghost of Jazqa the Fighter, a novice OgBe of Trog (D:7)
  The ghost of bmj180 the Cleaver, a novice HOFi (D:4)
  A hippogriff (D:3)
  Eustachio (D:5)
  Edmund (D:6)
  A water moccasin (D:6)
  A black bear (D:6)
  2 ice beasts (D:6)
  An orc warrior (D:6)
  2 phantoms
  2 ogres
  A centaur (D:6)
  A scorpion (D:7)
  3 wights (D:4)
  3 crimson imps
  A hound (D:7)
  A jelly (D:7)
  2 bullfrog skeletons (D:6)
  An orc priest (D:5)
  A gnoll shaman (D:6)
  An orc wizard (D:3)
  Ijyb (D:5)
  4 worker ants
  A killer bee zombie (D:4)
  10 adders
  3 gnolls (D:6)
  A shadow imp (D:6)
  An adder zombie (D:8)
  2 worms (D:2)
  4 dart slugs
  A leopard gecko (D:3)
  14 orcs
  6 bats
  3 giant cockroaches
  9 goblins
  8 jackals
  3 quokkas
  8 frilled lizards
  9 kobolds
  2 leopard gecko skeletons
  7 rats
126 creatures vanquished.

Vanquished Creatures (others)
  A quokka (D:5)
1 creature vanquished.

Grand Total: 127 creatures vanquished

Notes
Turn   | Place    | Note
-------+----------+-------------------------------------------
     0 | D:1      | vineage the Gargoyle Berserker began the quest for the Orb.
     0 | D:1      | Reached XP level 1. HP: 14/14 MP: 1/1
    87 | D:1      | Reached XP level 2. HP: 17/19 MP: 2/2
   373 | D:1      | You fall through a shaft!
   389 | D:2      | Reached skill level 4 in Maces & Flails
   389 | D:2      | Reached XP level 3. HP: 1/23 MP: 3/3
  1107 | D:2      | Reached ** piety under Trog
  1107 | D:2      | Reached XP level 4. HP: 27/28 MP: 4/4
  1395 | D:2      | Reached skill level 5 in Maces & Flails
  1502 | D:2      | Found a faded altar of an unknown god.
  1745 | D:3      | Noticed a phantom
  1775 | D:3      | Killed a phantom
  1775 | D:3      | Reached skill level 6 in Maces & Flails
  1775 | D:3      | Reached XP level 5. HP: 23/32 MP: 5/5
  1780 | D:3      | Noticed a hippogriff
  1848 | D:3      | Killed a hippogriff
  1848 | D:3      | Reached skill level 7 in Maces & Flails
  1848 | D:3      | Reached XP level 6. HP: 36/37 MP: 6/6
  2284 | D:3      | Reached XP level 7. HP: 41/41 MP: 7/7
  2660 | D:4      | Reached skill level 8 in Maces & Flails
  2896 | D:4      | Noticed bmj180's ghost (novice HOFi)
  2918 | D:4      | Killed bmj180's ghost
  2918 | D:4      | Reached skill level 10 in Maces & Flails
  2918 | D:4      | Reached XP level 8. HP: 46/46 MP: 8/8
  3364 | D:5      | Entered Level 5 of the Dungeon
  3365 | D:5      | Found Naoth's General Store.
  3525 | D:5      | Found a glowing golden altar of the Shining One.
  3686 | D:5      | Got a fine scimitar
  3687 | D:5      | Identified the +6 scimitar of Accidental Termination {flame, Stlth+} (You found it on level 5 of the Dungeon)
  3698 | D:5      | Noticed Ijyb
  3699 | D:5      | Noticed Eustachio
  3712 | D:5      | Killed Ijyb
  3722 | D:5      | Killed Eustachio
  3734 | D:5      | Found a white marble altar of Elyvilon.
  3959 | D:5      | Found a stormy altar of Qazlal.
  3960 | D:5      | Found a hide-covered altar of Uskayaw.
  3961 | D:5      | Found an iron altar of Okawaru.
  3962 | D:5      | Found a shadowy altar of Dithmenos.
  3962 | D:5      | Found an ancient bone altar of Kikubaaqudgha.
  3963 | D:5      | Found a snail-covered altar of Cheibriados.
  4306 | D:6      | Found a staircase to the Ecumenical Temple.
  4542 | D:6      | Reached XP level 9. HP: 50/51 MP: 9/9
  4611 | D:6      | Reached *** piety under Trog
  4623 | D:6      | Reached skill level 5 in Long Blades
  5098 | D:6      | Noticed Edmund
  5108 | D:6      | Killed Edmund
  5687 | D:7      | Noticed Jazqa's ghost (novice OgBe)
  5701 | D:7      | Killed Jazqa's ghost
  6151 | D:7      | Found a basalt altar of Yredelemnul.
  6439 | D:8      | Noticed a five-headed hydra
  6444 | D:8      | Slain by a three-headed hydra

Skill      XL: |  1  2  3  4  5  6  7  8  9 |
---------------+----------------------------+-----
Maces & Flails | 4 6 7 10 | 10.3
Long Blades    | 4 8 |  8.6
Fighting       | |  3.2
Armour         | |  2.1
Dodging        | |  1.5

Action                   |  1- 3 |  4- 6 |  7- 9 || total
-------------------------+-------+-------+-------++-------
Melee: Mace              |    88 |   129 |   110 ||   327
       Scimitar          |       |       |   156 ||   156
Invok: Trog's Hand       |       |     3 |       ||     3
       Berserk           |       |     2 |     2 ||     4
  Use: Scroll            |       |     4 |     8 ||    12
       Potion            |       |     2 |     1 ||     3
 Stab: Sleeping          |       |     1 |       ||     1
  Eat: Chunk             |       |     2 |    11 ||    13
       Bread ration      |       |     2 |       ||     2
       Fruit             |       |       |     1 ||     1
Armor: Animal skin       |    50 |     8 |       ||    58
       Scale mail        |       |    94 |   163 ||   257
       Skin              |       |       |     9 ||     9
Dodge: Dodged            |    74 |   127 |   134 ||   335
       Rpst.: Scimitar   |       |       |    20 ||    20
